 Dungeon Crawl Stone Soup version 0.22.1-2-g9c5b331 (webtiles) character file.

2380 Fang the Cleaver (level 9, -8/82 HPs)
             Began as a Gargoyle Berserker on Nov 12, 2018.
             Was a High Priest of Trog.
             Mangled by Prince Ribbit (13 damage)
             ... on level 6 of the Dungeon.
             The game lasted 00:08:25 (7354 turns).

Fang the Cleaver (Gargoyle Berserker)               Turns: 7354, Time: 00:08:26

Health: -8/82      AC:  9    Str: 29    XL:     9   Next: 45%
Magic:  9/9        EV: 18    Int:  8    God:    Trog [*****.]
Gold:   262        SH:  0    Dex:  9    Spells: 8/8 levels left

rFire    . . .     SeeInvis .   w - +2 war axe
rCold    . . .     Gourm    .   (no shield)
rNeg     + . .     Faith    .   k - +0 leather armour
rPois    ∞         Spirit   .   (no helmet)
rElec    +         Reflect  .   (no cloak)
rCorr    .         Harm     .   (no gloves)
MR       .....                  (no boots)
Stlth    ..........             (no amulet)
HPRegen  0.23/turn              l - ring of stealth
MPRegen  0.11/turn              o - +5 ring of evasion

@: berserking, very quick
A: negative energy resistance 1, electricity resistance, unbreathing,
petrification resistance, rot immunity, AC +6
a: Berserk, Trog's Hand, Brothers in Arms, Renounce Religion


You were on level 6 of the Dungeon.
You worshipped Trog.
Trog was extremely pleased with you.
You were near starving.

You visited 1 branch of the dungeon, and saw 6 of its levels.
You also visited: Sewer and Ossuary.

You collected 262 gold pieces.

Inventory:

Hand Weapons
 w - a +2 war axe (weapon)
Armour
 k - a +0 leather armour (worn)
Jewellery
 l - a ring of stealth (left hand)
 o - a +5 ring of evasion (right hand)
Scrolls
 e - 3 scrolls of remove curse
 g - a scroll of fear {unknown}
 i - 5 scrolls of identify
 m - 5 scrolls of teleportation {unknown}
 q - a scroll of magic mapping
 t - a scroll of fog {unknown}
 v - 2 scrolls of enchant armour {unknown}
 A - a scroll of random uselessness {unknown}
 C - a scroll of brand weapon {unknown}
Potions
 a - 2 potions of magic
 b - 2 potions of degeneration {unknown}
 d - 3 potions of heal wounds {unknown}
 f - 2 potions of curing {unknown}
 h - 4 potions of might {unknown}
 j - 2 potions of flight {unknown}
 p - a potion of mutation {unknown}
 r - 2 potions of invisibility
 s - a potion of resistance {unknown}
 u - a potion of haste {unknown}
 x - 2 potions of cancellation {unknown}
 z - 3 potions of berserk rage {unknown}
Comestibles
 c - 12 rations


   Skills:
 + Level 6.3 Fighting
 + Level 9.0 Axes
 + Level 3.8 Armour
 + Level 4.3 Dodging
 + Level 3.4 Stealth


You had 8 spell levels left.
You didn't know any spells.
Your spell library was empty.

Dungeon Overview and Level Annotations

Branches:
Dungeon (6/15)             Temple (0/1) D:6

Altars:
Vehumet

Annotations:
D:6 3 runed doors, Malevolentcloud's ghost, novice DsVM; Prince Ribbit


Innate Abilities, Weirdness & Mutations

You are resistant to torment.
Your stone body is resilient. (AC +6)
You are immune to poison.
You resist negative energy. (rN+)
You are resistant to electric shocks. (rElec)
You can survive without breathing.
You are immune to petrification.
You are immune to rotting.


Message History

You are too injured to fight recklessly!
You are too injured to fight recklessly!
You are too injured to fight recklessly!
You are too injured to fight recklessly!
You are too injured to fight recklessly!
You are too injured to fight recklessly!
A red film seems to cover your vision as you go berserk!
You feel yourself moving faster!
You feel mighty!
You are near starving!
Prince Ribbit completely misses you.
You slice Prince Ribbit!!
Prince Ribbit is heavily wounded.
Prince Ribbit hits you but does no damage.
You barely miss Prince Ribbit.
Prince Ribbit is heavily wounded.
Prince Ribbit closely misses you.
You completely miss Prince Ribbit.
Prince Ribbit is heavily wounded.
Prince Ribbit hits you!
You die...

#.#.##.##.#.#.....#.#.......#
###
#.#..$,...#.#.....#.#.#######
..# #.#.......#.#.......#.#
..#*#.#########.#.......#.#
..+,....................#.#
..###############.####..#.#
..........=...#......#....#
......####..#.#'#.##.#....#
....†.......#...@..#.#....#
......#####.#..F..##.#....#
......# *..#.....+#.#....#
......# #.##.....##.#....##
......#* #.*#.######.#.....#
.......*
#.*#........#..#..####
.##....#
#.,..................#
.*#....#
#################..#.###
,**,,,,* *,,,#..............#


You could see Prince Ribbit.

Vanquished Creatures
  Grinder (D:4)
  Sigmund (D:2)
  Eustachio (D:4)
  Menkaure (D:4)
  An ice beast (D:6)
  A sky beast (D:6)
  A black bear (D:6)
  3 ogres
  A crocodile (Sewer)
  4 scorpions
  A crimson imp (D:5)
  The ghost of Action013 the Skirmisher, a weakling VSFi (D:3)
  A centaur zombie (Ossuary)
  2 hounds
  A human zombie (Ossuary)
  A bullfrog skeleton (D:5)
  2 orc wizards
  A centaur skeleton (D:5)
  An iguana (D:5)
  Jessica (D:3)
  Natasha (D:3)
  7 worker ants
  3 mummies
  11 adders
  10 gnolls
  2 river rats (D:6)
  An adder skeleton (D:5)
  An adder zombie (Ossuary)
  5 worms
  6 dart slugs
  4 leopard geckos
  16 orcs
  3 giant cockroaches
  10 goblins
  6 hobgoblins
  9 jackals
  2 kobolds
  2 quokkas
  2 ball pythons
  A ball python zombie (D:5)
  11 bats
  5 frilled lizards
  A goblin zombie (Ossuary)
  6 hobgoblin zombies (Ossuary)
  5 jackal zombies (Ossuary)
  8 kobold zombies (Ossuary)
  11 orc zombies (Ossuary)
  A quokka skeleton (D:5)
  13 rats
  2 rat zombies (Ossuary)
192 creatures vanquished.

Notes
Turn   | Place    | Note
-------+----------+-------------------------------------------
     0 | D:1      | Fang the Gargoyle Berserker began the quest for the Orb.
     0 | D:1      | Reached XP level 1. HP: 14/14 MP: 1/1
    96 | D:1      | Reached skill level 3 in Axes
    96 | D:1      | Reached XP level 2. HP: 12/19 MP: 2/2
   955 | D:1      | Reached XP level 3. HP: 23/23 MP: 3/3
  1275 | D:2      | Reached ** piety under Trog
  1338 | D:2      | Noticed an ogre
  1345 | D:2      | Killed an ogre
  1345 | D:2      | Reached skill level 4 in Axes
  1345 | D:2      | Reached XP level 4. HP: 29/29 MP: 4/4
  1345 | D:2      | Reached XP level 5. HP: 33/33 MP: 5/5
  1845 | D:2      | Noticed Sigmund
  1860 | D:2      | Killed Sigmund
  1860 | D:2      | Reached skill level 5 in Axes
  1860 | D:2      | Reached skill level 1 in Stealth
  1860 | D:2      | Reached XP level 6. HP: 21/38 MP: 6/6
  2576 | D:3      | Noticed Jessica
  2585 | D:3      | Killed Jessica
  2727 | D:3      | Reached XP level 7. HP: 36/44 MP: 7/7
  2841 | D:3      | Noticed Natasha
  2866 | D:3      | Killed Natasha
  3160 | D:3      | Found a large runed door.
  3171 | D:3      | Found a large runed door.
  3173 | D:3      | Noticed Action013's ghost (weakling VSFi)
  3219 | D:3      | Reached skill level 6 in Axes
  3915 | D:3      | Killed Action013's ghost
  4168 | D:4      | Noticed Grinder
  4177 | D:4      | Noticed Menkaure
  4225 | D:3      | Reached *** piety under Trog
  4615 | D:4      | Killed Menkaure
  4615 | D:4      | Reached XP level 8. HP: 48/48 MP: 8/8
  4620 | D:4      | Killed Grinder
  4620 | D:4      | Reached skill level 5 in Fighting
  4620 | D:4      | Reached skill level 7 in Axes
  4696 | D:4      | Noticed Eustachio
  4725 | D:4      | Killed Eustachio
  5575 | D:5      | Entered Level 5 of the Dungeon
  5593 | D:5      | Found a sand-covered staircase.
  5642 | Ossuary  | Entered an ossuary
  5826 | Ossuary  | Reached **** piety under Trog
  5957 | D:5      | Reached skill level 8 in Axes
  6193 | D:5      | Reached XP level 9. HP: 55/55 MP: 9/9
  6350 | D:5      | You fall through a shaft!
  6495 | D:6      | Found a glowing drain.
  6514 | Sewer    | Entered a sewer
  6551 | Sewer    | Reached ***** piety under Trog
  6697 | D:6      | Found a radiant altar of Vehumet.
  6733 | D:6      | Found a runed gate.
  6733 | D:6      | Found a runed gate.
  6733 | D:6      | Found a runed gate.
  6733 | D:6      | Noticed Malevolentcloud's ghost (novice DsVM)
  6808 | D:6      | Reached skill level 9 in Axes
  6895 | D:6      | Noticed Prince Ribbit
  7354 | D:6      | Mangled by Prince Ribbit

Skill      XL: |  1  2  3  4  5  6  7  8  9 |
---------------+----------------------------+-----
Axes           | 3 4 5 6 8 9 |  9.0
Dodging        | 2 3 4 |  4.3
Fighting       | 4 5 6 |  6.3
Stealth        | 1 2 3 |  3.4
Armour         | 3 |  3.8

Action                   |  1- 3 |  4- 6 |  7- 9 || total
-------------------------+-------+-------+-------++-------
Melee: Hand axe          |    87 |   125 |   284 ||   496
       War axe           |       |       |   320 ||   320
Invok: Berserk           |     1 |     1 |     8 ||    10
  Use: Scroll            |       |       |     6 ||     6
 Stab: Sleeping          |       |     1 |    16 ||    17
  Eat: Chunk             |     1 |     6 |    19 ||    26
       Ration            |       |       |     1 ||     1
Armor: Animal skin       |    29 |     3 |       ||    32
       Leather armour    |       |    32 |   149 ||   181
Dodge: Dodged            |    66 |    82 |   469 ||   617
